 Dungeon Crawl Stone Soup version 0.31-a0-640-g39d97e502b (webtiles) character file.

Game seed: 4483098981062927638

1691 dialectric the Changeling (level 9, -4/58 HPs)
             Began as an Octopode Shapeshifter on Aug 27, 2023.
             Was an Initiate of Dithmenos.
             Slain by a gnoll sergeant
             ... wielding a +0 trident
              (15 damage)
             ... on level 6 of the Dungeon.
             The game lasted 00:10:03 (5331 turns).

dialectric the Changeling (Octopode Shapeshifter)   Turns: 5331, Time: 00:10:04

Health: -4/58      AC:  1    Str: 16    XL:     9   Next: 2%
Magic:  0/9        EV: 20    Int: 12    God:    Dithmenos [......]
Gold:   312        SH:  0    Dex: 13    Spells: 8/8 levels left

rFire   . .          .
                       - Unarmed
rCold   . . .        (no shield)
rNeg    . . .        (helmet currently unavailable)
rPois   +            u - amulet of guardian spirit
rElec   .            f - +5 ring of evasion
rCorr   .            h - ring of poison resistance
SInv    .            (no ring)
Will    .....        (no ring)
Stlth   +++          (no ring)
HPRegen 0.29/turn    (no ring)
MPRegen 0.11/turn    (no ring)
                     (no ring)

%: guardian spirit
@: beast-form, studying Short Blades
A: beast (slay +3), almost no armour, amphibious, 8 rings, camouflage 1,
gelatinous body 1, (nimble swimmer 1), tentacles
a: Begin Untransformation, Renounce Religion


You were on level 6 of the Dungeon.
You worshipped Dithmenos.
Dithmenos was noncommittal.
You were a hulking beast.
You visited 1 branch of the dungeon, and saw 6 of its levels.

You collected 312 gold pieces.

Inventory:

Hand Weapons
 l - the +6 dagger "Onlaaxa" {freeze, rC+}
   (You took it off a kobold on level 2 of the Dungeon)

   rC+:       It protects you from cold.
Jewellery
 f - a +5 ring of evasion (left tentacle)
 h - a ring of poison resistance (right tentacle)
 u - an amulet of guardian spirit (around mantle)
 v - a ring of ice
 x - a ring of fire
Talismans
 b - a beast talisman (active)
 c - a flux talisman
Wands
 o - a wand of iceblast (3)
 r - a wand of polymorph (7)
 s - a wand of mindburst (8)
Scrolls
 e - 4 scrolls of identify {unknown}
 k - a scroll of amnesia {unknown}
 n - a scroll of poison {unknown}
 p - a scroll of revelation {unknown}
 q - 2 scrolls of teleportation {unknown}
 t - a scroll of summoning {unknown}
 w - a scroll of enchant weapon {unknown}
Potions
 a - 3 potions of haste {unknown}
 d - 2 potions of heal wounds {unknown}
 g - 3 potions of ambrosia {unknown}
 i - 4 potions of curing
 j - 2 potions of invisibility {unknown}
 m - a potion of mutation {unknown}


   Skills:
 + Level 3.7 Fighting
 + Level 6.1 Dodging
 - Level 2.1 Stealth
 - Level 6.1 Unarmed Combat
 + Level 0.6 Evocations
 * Level 6.7 Shapeshifting


You had 8 spell levels left.
You didn't know any spells.
Your spell library contained the following spells:

 Spells                   Type           Power      Damage    Failure   Level
 Ensorcelled Hibernation  Hex/Ice        0%         N/A       45%         2
 Hailstorm                Conj/Ice       0%         3d3       69%         3
 Anguish                  Hex/Necr       0%         N/A       97%         4
 Summon Ice Beast         Ice/Summ       0%         N/A       97%         4
 Simulacrum               Ice/Necr       0%         N/A       100%        6
 Malign Gateway           Summ/Tloc      0%         N/A       100%        7
 Summon Horrible Things   Summ           0%         N/A       100%        8


Dungeon Overview and Level Annotations

Branches:
Dungeon (6/15)
 Temple: D:4-7

Altars:
Dithmenos
Elyvilon
Vehumet

Shops:
D:1 (

Annotations:
D:2 1 runed translucent door, Crazy Yiuf
D:6 3 runed translucent doors, thirtiethelement's ghost, novice DsCA


Innate Abilities, Weirdness & Mutations

You are a hulking beast.
Your limbs bulge with bestial killing power. (Slay +3)
You cannot wear most types of armour.
You are amphibious.
You can wear up to eight rings at the same time.
Your skin changes colour to match your surroundings (Stealth+).
Your rubbery body absorbs attacks. (AC +1, EV +1)
((You are camouflaged when in or above water. (Stealth+)))
You have tentacles for arms and can constrict up to eight enemies at once.


Message History

Aim: a gnoll sergeant, wielding a +0 trident and wearing a +0 scale mail (moderately wounded, 68% to hit)
You throw a poisoned dart.
The poisoned dart hits the gnoll sergeant.
The gnoll sergeant is poisoned.
The gnoll sergeant is moderately wounded.
Throw: 3 darts (poison)
Press: ? - help, Q - select action, (/) - cycle Shift-Dir - straight line, f/p - gnoll sergeant
Aim: a gnoll sergeant, wielding a +0 trident and wearing a +0 scale mail (moderately wounded, poisoned, 68% to hit)
You throw a poisoned dart.
The poisoned dart closely misses the gnoll sergeant.
The poisoned dart closely misses the gnoll.
The gnoll sergeant hits you from afar with a +0 trident!
Throw: 2 darts (poison)
Press: ? - help, Q - select action, (/) - cycle Shift-Dir - straight line, f/p - gnoll sergeant
Aim: a gnoll sergeant, wielding a +0 trident and wearing a +0 scale mail (moderately wounded, poisoned, 68% to hit)
You throw a poisoned dart.
The poisoned dart hits the gnoll sergeant.
The gnoll sergeant looks even sicker.
The gnoll sergeant is moderately wounded.
The gnoll sergeant barely misses you.
Throw: dart (poison)
Press: ? - help, Q - select action, (/) - cycle Shift-Dir - straight line, f/p - gnoll sergeant
Aim: a gnoll sergeant, wielding a +0 trident and wearing a +0 scale mail (heavily wounded, very poisoned, 68% to hit)
You throw a poisoned dart.
The poisoned dart hits the gnoll sergeant.
The gnoll sergeant looks even sicker.
The gnoll sergeant is heavily wounded.
The gnoll sergeant hits you from afar with a +0 trident!
* * * LOW HITPOINT WARNING * * *
Aiming: Iceblast
Press: ? - help, Shift-Dir - straight line, f/p - gnoll sergeant
Aim: a gnoll sergeant, wielding a +0 trident and wearing a +0 scale mail (heavily wounded, very poisoned)
The mass of ice explodes!
The iceblast engulfs the gnoll sergeant.
The gnoll sergeant is heavily wounded.
The iceblast engulfs the gnoll!
The gnoll is almost dead.
You hear a croak.
The gnoll sergeant hits you from afar with a +0 trident!
You die...

# #..# #.##..#..##...#.#... #
#..#####....(........+.#...
#####<...........#.......+.#.8.
......######.###...###...+o#...
####### ### #...gg...(#W#...
#g####....#oo##. #g#
#....#oo#8. #.# #....#oo##. #h#
#....#o.... #.# #...8###### #.#
###.## #.# #.# #.# #.# #.# #(#
### #)# #g# #)#


You could see a gnoll sergeant (very poisoned) and a gnoll.

Vanquished Creatures
  A wyvern (D:4)
  Menkaure (D:5)
  A black bear (D:5)
  An ogre (D:5)
  3 phantoms (D:4)
  2 bullfrogs
  2 howler monkeys (D:5)
  4 jellies
  3 orc priests
  A sleepcap (D:5)
  3 hounds
  4 iguanas
  6 orc wizards
  8 adders
  3 gnolls (D:6)
  A white imp (D:5)
  3 worms
  7 dart slugs
  21 orcs
  4 endoplasms
  4 giant cockroaches
  8 goblins
  6 hobgoblins
  7 jackals (D:2)
  5 kobolds
  6 quokkas
  7 ball pythons
  A bat (D:3)
  A frilled lizard (D:1)
  A rat (D:2)
125 creatures vanquished.

Notes
Turn   | Place    | Note
-------+----------+-------------------------------------------
     0 | D:1      | dialectric the Octopode Shapeshifter began the quest for
                  | the Orb.
     0 | D:1      | Reached XP level 1. HP: 13/13 MP: 1/1
   168 | D:1      | Found Muacaojei's Antique Weapon Shoppe.
   285 | D:1      | Reached XP level 2. HP: 10/18 MP: 2/2
   778 | D:2      | Reached skill level 1 in Stealth
   841 | D:2      | Reached XP level 3. HP: 23/23 MP: 3/3
   879 | D:2      | Reached XP level 4. HP: 28/28 MP: 4/4
  1050 | D:2      | Identified the +6 dagger "Onlaaxa" {freeze, rC+}
  1498 | D:2      | Found a runed translucent door.
  1499 | D:2      | Noticed Crazy Yiuf
  1813 | D:3      | Reached XP level 5. HP: 33/33 MP: 5/5
  2173 | D:3      | Identified the +2 robe of the Eternal Fruit {rN+ Archmagi}
  2808 | D:4      | Reached skill level 5 in Unarmed Combat
  2808 | D:4      | Noticed a phantom
  2830 | D:4      | Killed a phantom
  2831 | D:4      | Reached XP level 6. HP: 34/38 MP: 6/6
  3176 | D:4      | Reached XP level 7. HP: 43/43 MP: 7/7
  3280 | D:4      | Noticed a wyvern
  3287 | D:4      | HP: 1/43 [wyvern (16)]
  3288 | D:4      | Killed a wyvern
  3289 | D:4      | Reached skill level 5 in Shapeshifting
  3699 | D:4      | Reached XP level 8. HP: 28/51 MP: 8/8
  3939 | D:5      | Entered Level 5 of the Dungeon
  4231 | D:5      | Found a shadowy altar of Dithmenos.
  4352 | D:5      | Reached skill level 5 in Dodging
  4441 | D:5      | Found a white marble altar of Elyvilon.
  4475 | D:5      | Noticed Menkaure
  4497 | D:5      | Killed Menkaure
  4688 | D:5      | Found a radiant altar of Vehumet.
  4935 | D:5      | Became a worshipper of Dithmenos the Shadowed
  5187 | D:6      | Found a runed translucent gate.
  5187 | D:6      | Found a runed translucent gate.
  5187 | D:6      | Found a runed translucent gate.
  5197 | D:6      | Noticed thirtiethelement's ghost (novice DsCA)
  5199 | D:6      | Identified the +0 chain mail of Watchfulness {Regen+}
  5298 | D:6      | Reached XP level 9. HP: 57/57 MP: 9/9
  5331 | D:6      | Slain by a gnoll sergeant

Illustrated notes

Levels and vault maps discovered:
D:1:      beargit_arrival_diablo_church, layout_basic, serial_shops, shop
D:2:      layout_loops_ring, st_stairs_14, nicolae_half_adder,
          uniq_crazy_yiuf_cottage
D:3:      layout_basic, grunt_decor_clamped
D:4:      layout_basic, minmay_manual_monolith
D:5:      kennysheep_slugbush, layout_cave_pods, fiery_altar_vehumet,
          mainiacjoe_overflow_24_doors, elyvilon_altar_1, minmay_quadrilaterals,
          uniq_menkaure
D:6:      minmay_klotski, layout_loops_ring, biasface_ghost_orc_armoury

Skill      XL: |  1  2  3  4  5  6  7  8 |
---------------+-------------------------+-----
Stealth        | 1 2 |  2.1
Unarmed Combat | 4 5 6 |  6.1
Dodging        | 3 4 6 |  6.1
Shapeshifting  | 4 5 6 |  6.7
Fighting       | 2 3 |  3.7
Evocations     | |  0.6

Action                     |  1- 3 |  4- 6 |  7- 9 || total
---------------------------+-------+-------+-------++-------
  Melee: Unarmed           |    37 |   116 |   155 ||   308
         Constrict         |     7 |    19 |    35 ||    61
         Tentacles         |     3 |    11 |    33 ||    47
         Punch             |     1 |     1 |     7 ||     9
  Throw: Dart              |       |       |    14 ||    14
  Evoke: Wand              |       |       |     5 ||     5
    Use: Potion            |       |     1 |     3 ||     4
   Stab: Sleeping          |     7 |    10 |     1 ||    18
 Armour: Skin              |     1 |     9 |    47 ||    57
  Dodge: Dodged            |    17 |    78 |    92 ||   187

Table legend: (Time is in decaauts)
 A = Elapsed time spent in this place.
 B = Non-inter-level travel time spent in this place.
 C = Inter-level travel time spent in this place.
 D = Time resting spent in this place.
 E = Time spent auto-exploring this place.
 F = Levels seen in this place.
 G = Mean time per level.
                   A        B        C        D        E       F      G
               +--------+--------+--------+--------+--------+-----+--------+
         Total |   5300 |   4997 |    303 |    295 |   3727 |   6 |  883.3 |
       Dungeon |   5300 |   4997 |    303 |    295 |   3727 |   6 |  883.3 |
               +--------+--------+--------+--------+--------+-----+--------+

Top non-repeatable levels by time:
     D:4: 1179 daAuts
     D:3: 1051 daAuts
     D:5: 1000 daAuts
     D:2: 963 daAuts
     D:1: 760 daAuts
     D:6: 344 daAuts
